 Dungeon Crawl Stone Soup version 0.31-a0-210-gccc998df9b (webtiles) character file.

Game seed: 8521402736547268410

275 Ijustatesigmund the Stinger (level 6, -9/38 HPs)
             Began as an Octopode Venom Mage on June 29, 2023.
             Mangled by Duvessa
             ... wielding a +0 short sword
              (16 damage)
             ... on level 4 of the Dungeon.
             The game lasted 00:04:46 (3643 turns).

Ijustatesigmund the Stinger (Octopode Venom Mage)   Turns: 3643, Time: 00:04:47

Health: -9/38      AC:  1    Str:  7    XL:     6   Next: 25%
Magic:  1/10       EV: 13    Int: 25    God:
Gold:   182        SH:  0    Dex: 13    Spells: 1/11 levels left

rFire   . . .        e - +0 eveningstar
rCold   . . .        (no shield)
rNeg    . . .        (helmet restricted)
rPois   .            (no amulet)
rElec   .            c - ring of see invisible
rCorr   .            k - +6 ring of intelligence
SInv    +            (no ring)
Will    .....        (no ring)
Stlth   +++          (no ring)
HPRegen 0.26/turn    (no ring)
MPRegen 0.12/turn    (no ring)
                     (no ring)

%: no passive effects
@: no status effects
A: almost no armour, amphibious, 8 rings, camouflage 1, gelatinous body 1,
(nimble swimmer 1), tentacles
a: no special abilities


You were on level 4 of the Dungeon.
You visited 1 branch of the dungeon, and saw 4 of its levels.

You collected 182 gold pieces.

Inventory:

Hand Weapons
 e - a +0 eveningstar (weapon)
Jewellery
 c - a ring of see invisible (left tentacle)
 i - a ring of ice
 k - a +6 ring of intelligence (right tentacle)
Wands
 m - a wand of roots (13)
Scrolls
 g - a scroll of vulnerability {unknown}
 h - a scroll of teleportation {unknown}
 l - a scroll of poison
Potions
 a - a potion of magic
 b - a potion of heal wounds {unknown}
 d - 3 potions of curing
 f - 2 potions of invisibility {unknown}
 j - 2 potions of might {unknown}


   Skills:
 - Level 1.4 Fighting
 - Level 1.1 Maces & Flails
 - Level 2.0 Dodging
 - Level 2.6 Stealth
 + Level 3.2 Spellcasting
 * Level 2.1 Conjurations
 - Level 1.7 Transmutations
 + Level 2.0 Air Magic
 + Level 5.0 Poison Magic


You had one spell level left.
You knew the following spells:

 Your Spells              Type           Power      Damage    Failure   Level
a - Sting                 Tmut/Pois      80%        1d7       2%          1
b - Poisonous Vapours     Pois/Air       42%        N/A       3%          2
c - Mephitic Cloud        Conj/Pois/Air  19%        N/A       9%          3
d - Olgreb's Toxic Radia  Pois           29%        N/A       12%         4

Your spell library contained the following spells:

 Spells                   Type           Power      Damage    Failure   Level
 Static Discharge         Conj/Air       28%        2-4/arc   6%          2
 Airstrike                Air            7%         2d(1-17)  38%         4
 Summon Lightning Spire   Summ/Air       9%         N/A       54%         4


Dungeon Overview and Level Annotations

Branches:
Dungeon (4/15)
 Temple: D:4-7

Altars:
Xom

Annotations:
D:4 Duvessa


Innate Abilities, Weirdness & Mutations

You cannot wear most types of armour.
You are amphibious.
You can wear up to eight rings at the same time.
Your skin changes colour to match your surroundings (Stealth+).
Your rubbery body absorbs attacks. (AC +1, EV +1)
((You are camouflaged when in or above water. (Stealth+)))
You have tentacles for arms and can constrict up to eight enemies at once.


Message History

The roots release their grip on Dowan.
Aiming: Fastroot
Press: ? - help, Shift-Dir - straight line, f/p - Duvessa
Aim: Duvessa, wielding a +0 short sword and wearing a +0 scale mail (heavily wounded, very poisoned)
The roots erupt in riotous growth!
Roots grab Duvessa.
Roots grab Dowan.
The grasping roots constrict Duvessa.
The grasping roots constrict Dowan.
Duvessa struggles to escape constriction.
Dowan struggles to escape constriction.
Casting: Olgreb's Toxic Radiance (quite dangerous; 13% risk of failure)
Confirm with . or Enter, or press ? or * to list all spells.
The spell is quite dangerous to miscast (13% risk of failure)!
Continue anyway? [Y]es or [N]o only, please.
The spell is quite dangerous to miscast (13% risk of failure)!
Continue anyway?
You begin to radiate toxic energy.
Duvessa looks even sicker.
You kill Dowan!
Duvessa screams, "No!
How DARE you!"
Duvessa goes berserk!
The grasping roots constrict Duvessa.
The roots release their grip on Duvessa.
Your Conjurations skill increases to level 2!
Your Air Magic skill increases to level 2!
Your Poison Magic skill increases to level 5!
Your toxic aura wanes.
Duvessa closely misses you.
You closely miss Duvessa. You grab Duvessa.
You squeeze Duvessa, but do no damage.
Duvessa is severely wounded.
You constrict Duvessa, but do no damage.
Duvessa hits you with a +0 short sword! x2
You hit Duvessa but do no damage.
Duvessa is severely wounded.
You constrict Duvessa. Duvessa closely misses you.
Duvessa hits you with a +0 short sword.
You hit Duvessa but do no damage. You squeeze Duvessa.
Duvessa is severely wounded.
You constrict Duvessa, but do no damage.
Duvessa hits you with a +0 short sword.
* * * LOW HITPOINT WARNING * * *
Duvessa hits you with a +0 short sword!
You die...

........ #.......# ###......
#.......# #.#.... ##.......#
###.#....
###....)...##.........
#.............##.#.... ...
.........# #.....# ...
#.e.....# #..##.# # ..
#.@.....# #..##.# .>##..
##..###### #..##.# .#....
##..## ##..##.# ......##..##
#...##.# #.....## #.#.##.#
...#....#### #.#.##.#
....>......##########.#.##.#
#####.###...........#.#.##.#
#. ##...######.....##.#


You could see Duvessa (berserk, very poisoned).

Vanquished Creatures
  A scorpion (D:4)
  Dowan (D:4)
  An orc priest (D:3)
  4 gnolls (D:3)
  4 adders
  A worm (D:3)
  6 orcs (D:3)
  10 ball pythons
  7 bats
  4 endoplasms
  A goblin (D:3)
  9 hobgoblins
  3 kobolds
  4 frilled lizards
  2 rats
58 creatures vanquished.

Notes
Turn   | Place    | Note
-------+----------+-------------------------------------------
     0 | D:1      | Ijustatesigmund the Octopode Venom Mage began the quest for
                  | the Orb.
     0 | D:1      | Reached XP level 1. HP: 11/11 MP: 3/3
   293 | D:1      | Reached XP level 2. HP: 18/18 MP: 5/5
   296 | D:1      | Learned a level 2 spell: Poisonous Vapours
   510 | D:1      | Reached skill level 1 in Fighting
   534 | D:1      | Reached skill level 4 in Poison Magic
   862 | D:2      | Reached XP level 3. HP: 23/23 MP: 6/6
   866 | D:2      | Learned a level 3 spell: Mephitic Cloud
  1712 | D:2      | Reached XP level 4. HP: 24/28 MP: 7/7
  1953 | D:3      | Reached skill level 1 in Air Magic
  1962 | D:3      | Reached skill level 1 in Maces & Flails
  2138 | D:3      | Reached XP level 5. HP: 23/33 MP: 9/9
  2720 | D:3      | Found a shimmering altar of Xom.
  2725 | D:3      | Found a shimmering altar of Xom.
  2725 | D:3      | Found a shimmering altar of Xom.
  2725 | D:3      | Found a shimmering altar of Xom.
  2729 | D:3      | Reached skill level 1 in Conjurations
  3360 | D:4      | Learned a level 4 spell: Olgreb's Toxic Radiance
  3371 | D:4      | Reached XP level 6. HP: 24/38 MP: 10/10
  3633 | D:4      | Noticed Duvessa
  3634 | D:4      | Noticed Dowan
  3639 | D:4      | Killed Dowan
  3640 | D:4      | Reached skill level 5 in Poison Magic
  3643 | D:4      | Mangled by Duvessa

Illustrated notes

Levels and vault maps discovered:
D:1:      dpeg_arrival_tiny_g, layout_basic, minmay_cupped
D:2:      layout_basic, nicolae_elevator_lobby_asterisk
D:3:      layout_loops_ring, xom_redecorated
D:4:      layout_rooms, dreamdust_wishing_well, uniq_duvessa

Skill      XL: |  1  2  3  4  5  6 |
---------------+-------------------+-----
Fighting       | 1 |  1.4
Poison Magic   | 4 5 |  5.0
Air Magic      | 1 2 |  2.0
Maces & Flails | 1 |  1.1
Conjurations   | 1 2 |  2.1
Spellcasting   | 3 |  3.2
Dodging        | |  2.0
Stealth        | |  2.6
Transmutations | |  1.7

Action                     |  1- 3 |  4- 6 || total
---------------------------+-------+-------++-------
  Melee: Eveningstar       |    52 |    50 ||   102
         Constrict         |    15 |    13 ||    28
         Tentacles         |    11 |    13 ||    24
         Unarmed           |     4 |       ||     4
   Cast: Poisonous Vapours |       |    14 ||    14
         Mephitic Cloud    |       |     2 ||     2
         Sting             |       |     2 ||     2
         Olgreb's Toxic Ra |       |     2 ||     2
  Evoke: Wand              |       |     2 ||     2
    Use: Scroll            |     6 |       ||     6
   Stab: Sleeping          |     6 |     2 ||     8
 Armour: Skin              |     2 |     1 ||     3
  Dodge: Dodged            |    48 |    32 ||    80

Table legend: (Time is in decaauts)
 A = Elapsed time spent in this place.
 B = Non-inter-level travel time spent in this place.
 C = Inter-level travel time spent in this place.
 D = Time resting spent in this place.
 E = Time spent auto-exploring this place.
 F = Levels seen in this place.
 G = Mean time per level.
                   A        B        C        D        E       F      G
               +--------+--------+--------+--------+--------+-----+--------+
         Total |   3688 |   3620 |     68 |    886 |   2293 |   4 |  922.0 |
       Dungeon |   3688 |   3620 |     68 |    886 |   2293 |   4 |  922.0 |
               +--------+--------+--------+--------+--------+-----+--------+

Top non-repeatable levels by time:
     D:3: 1604 daAuts
     D:2: 1061 daAuts
     D:1: 729 daAuts
     D:4: 292 daAuts
